Map: Daybreak LE (Void)

Players

GuMiho - Winner!

  • Race: Terran Terran
  • League: Grandmaster
  • Spawn Location: 7:00

Seed

  • Race: Protoss Protoss
  • Spawn Location: 1:00

Event: Polygon Gaming Invitational 6

VOD

Have the link to the VOD?

Description

Time

  • Played on: Jan. 14, 2017, 10:34 a.m.
  • Length: 6:16

All games in this series

Show
View Real Time Build Order
Export as new Build Order

GuMiho Terran - Winner!

Build Orders: 1/1/1 

Get SALT Encoding   

  12  0:00  SCV  
  13  0:12  SCV  
  14  0:19  Supply Depot  
  14  0:25  SCV  
  15  0:30  Refinery  
  15  0:40  SCV  
  16  0:45  Barracks  
  16  0:52  SCV  
  17  1:04  SCV  
  18  1:16  SCV  
  19  1:31  Orbital Command  
  19  1:32  Marine  
  20  1:34  Factory  
  20  1:42  Supply Depot  
  20  1:51  Marine  
  21  1:57  SCV  
  22  2:09  Marine, SCV  
  22  2:15  Command Center  
  24  2:23  Starport  
  24  2:27  Widow Mine  
  26  2:34  Supply Depot  
  26  2:36  SCV  
  27  2:38  Marine  
  28  2:47  Refinery  
  28  2:48  SCV  
  29  2:56  Marine, Widow Mine  
  32  3:04  SCV  
  33  3:06  Medivac  
  34  3:14  Marine  
  34  3:16  Supply Depot, SCV  
  36  3:27  Cyclone  
  39  3:36  SCV  
  38  3:46  Viking  
  38  3:48  SCV  
  41  3:49  Marine  
  41  3:57  Supply Depot  
  41  4:00  SCV  
  41  4:01  Cyclone  
  42  4:11  Marine  
  42  4:16  SCV  
  40  4:22  Viking  
  42  4:28  SCV  
  42  4:29  Marine  
  44  4:33  Command Center  
  44  4:44  SCV  
  44  4:49  Marine  
  45  4:56  SCV  
  45  4:59  Supply Depot, Cyclone  
  49  5:00  Supply Depot  
  49  5:12  SCV  
  50  5:16  Viking  
  52  5:24  Marine  
  53  5:31  Cyclone  
  56  5:42  Marine  
  52  5:46  Viking  
  52  5:49  Orbital Command  
Show
View Real Time Build Order
Export as new Build Order

Seed Protoss 

Build Orders: Oracle Opening 

Get SALT Encoding   

  12  0:01  Probe (Chrono Boost)  
  13  0:11  Probe (Chrono Boost)  
  14  0:18  Pylon  
  14  0:23  Probe (Chrono Boost)  
  15  0:37  Probe (Chrono Boost)  
  15  0:39  Gateway  
  16  0:44  Assimilator  
  16  0:47  Probe (Chrono Boost)  
  17  0:57  Assimilator  
  17  0:58  Probe (Chrono Boost)  
  18  1:08  Probe (Chrono Boost)  
  19  1:19  Probe (Chrono Boost)  
  19  1:25  Zealot  
  20  1:28  Pylon  
  20  1:30  Cybernetics Core  
  22  1:37  Probe (Chrono Boost)  
  23  1:50  Probe (Chrono Boost)  
  25  2:05  Adept  
  25  2:07  Mothership Core (Chrono Boost)  
  28  2:08  Stargate  
  28  2:15  Warp Gate  
  28  2:20  Pylon  
  28  2:29  Probe (Chrono Boost)  
  29  2:30  Adept  
  30  2:47  Oracle  
  30  2:48  Probe (Chrono Boost)  
  34  2:59  Adept  
  34  3:02  Probe (Chrono Boost)  
  34  3:04  Pylon  
  37  3:16  Pylon  
  37  3:17  Pylon  
  35  3:21  Oracle  
  35  3:26  Pylon  
  38  3:56  Gateway  
  38  3:57  Gateway  
  38  4:01  Gateway  
  38  4:13  Void Ray  
  42  4:41  Pylon  
  42  4:50  Void Ray  
  40  4:57  Pylon  
  44  5:01  Stalker x2  
  44  5:03  Stalker  
  50  5:10  Stalker  
  49  5:25  Stalker  
  49  5:27  Adept  
Tags
 
Add a new tag
Caveats
  • Supply blocks, unpowered buildings, or Contaminate may cause inaccurate times.
  • Supply counts are checked every 10 seconds.